 Dungeon Crawl Stone Soup version 0.20.0-8-g6b59dc7 (webtiles) character file.

2578 MTVSty1e the Ruffian (level 9, -10/75 HPs)
             Began as a White Draconian Transmuter on May 30, 2017.
             Was an Initiate of Gozag.
             Killed by the air
             ... invoked by Gastronok
              (26 damage)
             ... on level 8 of the Dungeon.
             The game lasted 00:19:26 (8938 turns).

MTVSty1e the Ruffian (White Draconian Transmuter)   Turns: 8938, Time: 00:19:27

Health: -10/75     AC:  2    Str: 18    XL:     9   Next: 32%
Magic:  13/16      EV: 22    Int: 20    God:    Gozag
Gold:   574        SH:  0    Dex: 13    Spells: 6/17 levels left

rFire    + + +     SeeInvis .     - Unarmed
rCold    + . .     Gourm    .   (shield currently unavailable)
rNeg     . . .     Faith    .   (armour unavailable)
rPois    x         Spirit   .   (helmet currently unavailable)
rElec    .         Reflect  .   (cloak currently unavailable)
rCorr    .         Harm     .   (gloves currently unavailable)
MR       .....                  (boots currently unavailable)
Stlth    +.........             (no amulet)
Regen    0.3/turn               w - ring of protection from fire
MPRegen  0.2/turn               y - ring of Unopt {rF++ rC+ Str+4 Int+4 Dex-3}

@: lethally poisoned (-10 -> -12), spider-form, gold aura, slowed, very slow
A: (breathe frost), unfitting armour, AC +7
a: End Transformation, Potion Petition, Call Merchant, Bribe Branch, Renounce
Religion


You were on level 8 of the Dungeon.
You worshipped Gozag.
Gozag was pleased with you.
You were not hungry.
You were a venomous arachnid creature.
You visited 1 branch of the dungeon, and saw 8 of its levels.

You collected 643 gold pieces.
You paid 69 gold pieces to Gozag.

Inventory:

Missiles
 a - 152 arrows
Armour
 q - a +0 shield
 B - a +2 pair of boots (melded)
Jewellery
 w - a ring of protection from fire (left front leg)
 y - the ring of Unopt (right front leg) {rF++ rC+ Str+4 Int+4 Dex-3}
   (You found it on level 7 of the Dungeon)

   [ring of protection from cold]

   It affects your strength (+4).
   It affects your intelligence (+4).
   It affects your dexterity (-3).
   It greatly protects you from fire.
   It protects you from cold.
Scrolls
 e - a scroll of magic mapping
 f - 2 scrolls of fog
 i - 5 scrolls of amnesia
 k - 3 scrolls of remove curse
 m - 2 scrolls of enchant armour
 o - a scroll of identify
 s - 4 scrolls of fear
 x - a scroll of teleportation {unknown}
Potions
 c - 3 potions of haste
 d - 2 potions of flight
 g - 3 potions of brilliance
 h - 3 potions of lignification
 j - a potion of cancellation {unknown}
 r - 4 potions of curing
 t - a potion of mutation {unknown}
 v - a potion of agility {unknown}
 z - a potion of invisibility {unknown}
 A - a potion of degeneration {unknown}
Books
 b - a book of Changes

   Spells                             Type                      Level
   a - Beastly Appendage              Transmutation                1
   b - Sticks to Snakes               Transmutation                2
   c - Spider Form                    Transmutation/Poison         3
   d - Ice Form                       Ice/Transmutation            4
   e - Blade Hands                    Transmutation                5
 l - a book of Misfortune

   Spells                             Type                      Level
   a - Confusing Touch                Hexes                        1
   b - Confuse                        Hexes                        3
   c - Gell's Gravitas                Translocation                3
   d - Petrify                        Transmutation/Earth          4
   e - Metabolic Englaciation         Hexes/Ice                    5
   f - Yara's Violent Unravelling     Hexes/Transmutation          5
 u - a book of Frost

   Spells                             Type                      Level
   a - Freeze                         Ice                          1
   b - Throw Frost                    Conjuration/Ice              2
   c - Ozocubu's Armour               Charms/Ice                   3
   d - Throw Icicle                   Conjuration/Ice              4
   e - Summon Ice Beast               Ice/Summoning                4
Comestibles
 n - 2 bread rations
 p - a royal jelly


   Skills:
 * Level 6.0 Fighting
 + Level 4.9 Dodging
 * Level 2.6 Shields
 + Level 7.5 Unarmed Combat
 + Level 4.7 Spellcasting
 * Level 5.4 Transmutations


You had 6 spell levels left.
You knew the following spells:

 Your Spells              Type           Power        Failure   Level  Hunger
a - Beastly Appendage     Tmut           ####..       6%          1    None
b - Sticks to Snakes      Tmut           ####....     8%          2    #......
c - Spider Form           Tmut/Pois      ###.......   28%         3    ##.....
d - Blade Hands           Tmut           ####......   56%         5    ######.


Dungeon Overview and Level Annotations

Branches:
Dungeon (8/15)             Temple (0/1) D:6
   Lair: D:8-11

Altars:
Ashenzari
Elyvilon
Fedhas
Gozag
Hepliaklqana
Nemelex Xobeh
Okawaru
Sif Muna
Yredelemnul
Zin
The Shining One

Shops:
D:7 [

Annotations:
D:3 exclusion: oklob plant
D:8 Gastronok


Innate Abilities, Weirdness & Mutations

((You can breathe waves of freezing cold.))
((You can buffet flying creatures when you breathe cold.))
((Your icy white scales are hard. (AC +7)))
You cannot fit into any form of body armour.
((Your flesh is cold resistant. (rC+)))
((You are cold-blooded and may be slowed by cold attacks.))


Message History

You bite Gastronok!
Gastronok looks as sick as possible!
Gastronok is severely wounded.
You feel sick. The adder barely misses you.
You bite the adder!
The adder is poisoned.
The adder is severely wounded.
You feel sick. The adder bites you.
Gastronok waves his eye-stalks in wide circles.
The air twists around and strikes you! The adder misses you.
You hit the adder.
You kill the adder!
You bite Gastronok!
Gastronok looks as sick as possible!
Gastronok is severely wounded.
You feel sick. Gastronok bites you!!
* * * LOW HITPOINT WARNING * * *
You bite Gastronok!
Gastronok is almost dead.
Gastronok waves his eye-stalks in wide circles.
The air twists around and strikes you!
You die...
Your body crumbles into a pile of gold.

# #.# #.#.# ##
###.#.#####.##
.............
#.#.....# #
#...<...+
###.#.#.....#
..........###
......$s..#
.......w..#
.#..$........
#........#....
#........#.#.#
#........# # #
##+#......
#.#...##


You could see Gastronok.

Vanquished Creatures
  Pikel (D:4)
  Grinder (D:3)
  A hippogriff (D:5)
  A hungry ghost (D:7)
  A sky beast (D:7)
  A necrophage (D:6)
  2 slaves (D:4)
  A phantom (D:4)
  2 ogres (D:6)
  2 bullfrogs (D:6)
  A water moccasin skeleton (D:7)
  A scorpion (D:5)
  4 wights (D:6)
  3 crimson imps
  A centaur zombie (D:5)
  3 hounds
  2 jellies (D:6)
  3 orc wizards
  A centaur skeleton (D:5)
  An iguana (D:5)
  5 worker ants
  A worker ant zombie (D:7)
  11 adders
  A shadow imp (D:7)
  2 oozes
  An adder zombie (D:3)
  5 worms
  2 dart slugs (D:1)
  7 leopard geckos
  13 orcs
  A ball python (D:1)
  3 bats
  6 giant cockroaches
  8 goblins
  10 hobgoblins
  10 jackals
  11 kobolds
  3 quokkas
  A frilled lizard (D:2)
  A jackal zombie (D:3)
  A leopard gecko skeleton (D:6)
  2 quokka skeletons
  9 rats
  A spectral orc (D:4)
148 creatures vanquished.

Vanquished Creatures (collateral kills)
  A bat (D:1)
1 creature vanquished.

Vanquished Creatures (others)
  A fungus (D:3)
1 creature vanquished.

Grand Total: 150 creatures vanquished

Notes
Turn   | Place    | Note
-------+----------+-------------------------------------------
     0 | D:1      | MTVSty1e the Draconian Transmuter began the quest for the Orb.
     0 | D:1      | Reached XP level 1. HP: 16/16 MP: 3/3
   106 | D:1      | Reached XP level 2. HP: 13/23 MP: 3/5
   117 | D:1      | Learned a level 2 spell: Sticks to Snakes
  1153 | D:1      | Reached XP level 3. HP: 22/28 MP: 4/6
  1819 | D:2      | Reached XP level 4. HP: 29/36 MP: 5/7
  2423 | D:2      | Reached skill level 4 in Unarmed Combat
  2593 | D:3      | Reached XP level 5. HP: 25/41 MP: 6/8
  2603 | D:3      | Learned a level 3 spell: Spider Form
  3049 | D:3      | Noticed Grinder
  3064 | D:3      | Killed Grinder
  3064 | D:3      | Reached XP level 6. HP: 22/50 MP: 3/10
  3923 | D:3      | Found a shattered altar of Ashenzari.
  3928 | D:3      | Found an iron altar of Okawaru.
  4019 | D:3      | Found a blossoming altar of Fedhas.
  4051 | D:3      | Noticed an oklob plant
  4134 | D:4      | Learned a level 5 spell: Blade Hands
  4362 | D:4      | Noticed Pikel
  4362 | D:4      | Noticed a slave
  4362 | D:4      | Noticed a slave
  4363 | D:4      | Noticed a slave
  4363 | D:4      | Noticed a slave
  4693 | D:4      | Reached skill level 5 in Unarmed Combat
  4704 | D:4      | Your scales start taking on an icy white colour.
  4704 | D:4      | Reached XP level 7. HP: 39/57 MP: 9/11
  4704 | D:4      | Gained mutation: Your flesh is cold resistant. (rC+) [White Draconian growth]
  4944 | D:4      | Found a basalt altar of Yredelemnul.
  5263 | D:4      | Killed Pikel
  5263 | D:4      | Reached skill level 6 in Unarmed Combat
  5360 | D:5      | Entered Level 5 of the Dungeon
  5466 | D:5      | Found an opulent altar of Gozag.
  5467 | D:5      | Found a sparkling altar of Nemelex Xobeh.
  5500 | D:5      | Noticed a hippogriff
  5514 | D:5      | Killed a hippogriff
  5514 | D:5      | Reached XP level 8. HP: 18/67 MP: 9/13
  5766 | D:5      | Became a worshipper of Gozag Ym Sagoz the Greedy
  6600 | D:6      | Found a staircase to the Ecumenical Temple.
  6679 | D:6      | Reached skill level 7 in Unarmed Combat
  6757 | D:6      | Reached skill level 5 in Fighting
  6771 | D:6      | Reached skill level 5 in Transmutations
  7205 | D:6      | Reached skill level 1 in Shields
  7535 | D:6      | Reached XP level 9. HP: 70/74 MP: 15/15
  7865 | D:6      | Found a glowing silver altar of Zin.
  7865 | D:6      | Found a glowing golden altar of the Shining One.
  7865 | D:6      | Found a white marble altar of Elyvilon.
  8187 | D:7      | Got a bound copper ring
  8219 | D:7      | Identified the ring of Unopt {rF++ rC+ Str+4 Int+4 Dex-3} (You found it on level 7 of the Dungeon)
  8334 | D:7      | Found Buubec's Armour Boutique.
  8499 | D:7      | Found a hazy altar of Hepliaklqana.
  8718 | D:7      | Found a deep blue altar of Sif Muna.
  8918 | D:8      | Noticed Gastronok
  8938 | D:8      | Killed from afar by Gastronok

Skill      XL: |  1  2  3  4  5  6  7  8  9 |
---------------+----------------------------+-----
Dodging        | 2 3 4 |  4.9
Fighting       | 2 3 4 5 6 |  6.0
Unarmed Combat | 4 5 6 7 |  7.5
Spellcasting   | 3 4 |  4.7
Transmutations | 3 4 5 |  5.4
Shields        | 1 2 |  2.6

Action                   |  1- 3 |  4- 6 |  7- 9 || total
-------------------------+-------+-------+-------++-------
Melee: Unarmed           |   144 |   216 |   277 ||   637
       Headbutt          |     9 |    17 |    19 ||    45
       Tailslap          |    10 |    24 |    20 ||    54
       Kick              |     5 |     4 |       ||     9
       Punch             |       |     3 |     3 ||     6
 Cast: Beastly Appendage |    21 |    20 |    24 ||    65
       Sticks to Snakes  |     2 |     1 |     2 ||     5
       Spider Form       |       |     3 |    17 ||    20
  Use: Scroll            |       |     3 |    13 ||    16
  Eat: Royal jelly       |     1 |     1 |       ||     2
       Bread ration      |     1 |       |     1 ||     2
       Meat ration       |       |     1 |     2 ||     3
       Fruit             |       |       |     4 ||     4
Armor: Skin              |    37 |    53 |    44 ||   134
Dodge: Dodged            |    83 |   138 |   188 ||   409
